 Dungeon Crawl Stone Soup version 0.28.0-45-g0d030f2227 (webtiles) character file.

Game seed: 13718711056908241460

800 Naden the Covered (level 7, 0/60 HPs)
             Began as a Demonspawn Chaos Knight on Apr 7, 2022.
             Was a Plaything of Xom.
             Slain by Maggie
             ... wielding a +0 glaive
              (7 damage)
             ... on level 6 of the Dungeon.
             The game lasted 00:18:47 (5138 turns).

Naden the Covered (Demonspawn Chaos Knight)         Turns: 5138, Time: 00:18:47

Health: 0/60       AC:  8    Str: 13    XL:     7   Next: 59%
Magic:  7/7        EV: 12    Int: 17    God:    Xom [.....*]
Gold:   257        SH:  0    Dex: 14    Spells: 6/6 levels left

rFire   x . .      SeeInvis .   f - +8 woodcutter's axe {vorpal}
rCold   + + .      Faith    .   (no shield)
rNeg    . . .      Spirit   .   b - +2 leather armour
rPois   .          Reflect  .   (helmet restricted)
rElec   .          Harm     .   (no cloak)
rCorr   .          Rampage  .   (no gloves)
Will    .....                   (no boots)
Stlth   +.........              (no amulet)
HPRegen 0.20/turn               m - ring of protection from cold
MPRegen 0.20/turn               h - ring of ice

@: attractive
A: thin metallic scales 2, magic regeneration, weakness stinger 1, antennae 1,
agile 1, clever 1, mutation resistance 2, robust 1, wild magic 1
a: Renounce Religion


You were on level 6 of the Dungeon.
You worshipped Xom.
You were Xom's teddy bear.
You visited 1 branch of the dungeon, and saw 6 of its levels.

You collected 257 gold pieces.

Inventory:

Hand Weapons
 a - a +0 spear of chaos
 c - a +3 short sword
 e - a +0 hunting sling
 f - the +8 woodcutter's axe (weapon) {vorpal}
   (You found it on level 2 of the Dungeon)

   It inflicts extra damage upon your enemies.
Armour
 b - a +2 leather armour (worn)
 d - a +0 leather armour
 s - a +0 ring mail
Jewellery
 h - a ring of ice (right hand)
 m - a ring of protection from cold (left hand)
Wands
 q - a wand of charming (4)
 w - a wand of mindburst (14)
Scrolls
 i - a scroll of noise {unknown}
 n - a scroll of brand weapon {unknown}
 o - a scroll of identify
 p - a scroll of teleportation {unknown}
 r - a scroll of amnesia
 v - a scroll of blinking {unknown}
 y - a scroll of magic mapping {unknown}
 z - a scroll of silence {unknown}
Potions
 g - 2 potions of attraction
 j - 2 potions of heal wounds {unknown}
 k - 4 potions of curing
 l - 2 potions of invisibility {unknown}
 t - a potion of haste {unknown}
 u - a potion of magic {unknown}
 x - a potion of cancellation {unknown}


   Skills:
 + Level 4.5 Fighting
 - Level 1.2 Short Blades
 * Level 4.0(4.4) Axes
 - Level 2.7(3.8) Polearms
 * Level 4.7 Armour
 + Level 3.1 Dodging


You had 6 spell levels left.
You didn't know any spells.
Your spell library contained the following spells:

 Spells                   Type           Power      Damage    Failure   Level
 Animate Skeleton         Necr           0%         N/A       36%         1
 Apportation              Tloc           0%         N/A       36%         1
 Summon Small Mammal      Summ           0%         N/A       36%         1
 Call Canine Familiar     Summ           0%         N/A       73%         3
 Summon Guardian Golem    Hex/Summ       0%         N/A       73%         3
 Animate Dead             Necr           0%         N/A       98%         4
 Petrify                  Tmut/Erth      0%         N/A       98%         4
 Summon Ice Beast         Ice/Summ       0%         N/A       98%         4
 Blade Hands              Tmut           0%         N/A       100%        5
 Borgnjor's Vile Clutch   Necr/Erth      0%         N/A       100%        5
 Death Channel            Necr           0%         N/A       100%        6


Dungeon Overview and Level Annotations

Branches:
Dungeon (6/15)
 Temple: D:4-7

Altars:
Sif Muna
Wu Jian
Xom

Annotations:
D:6 Maggie


Innate Abilities, Weirdness & Mutations

You are mostly covered in thin metallic scales. (AC +3)
You regenerate magic rapidly.
You have a small tail.
You have a pair of small antennae on your head.
You are agile. (Dex +2)
Your mind is acute. (Int +2)
You are somewhat resistant to both further mutation and mutation removal.
You are robust. (+10% HP)
Your spells are a little harder to cast, but a little more powerful.


Message History

The gnoll hits you with a +0 whip. Maggie barely misses you.
You slash Maggie!
Maggie is moderately wounded.
You slash the gnoll!
You kill the gnoll!
Maggie points at you and mumbles some strange words.
The bolt of fire hits you!! The fire burns you terribly!
Xom roars with laughter!
You hit Maggie.
Maggie is heavily wounded.
Maggie hits you with a +0 glaive!
* * * LOW HITPOINT WARNING * * *
As you read the scroll labelled AZUSERR DAEKE, it crumbles to dust.
It is a scroll of identify.
r - a scroll of amnesia Maggie gestures at you while chanting.
The bolt of fire misses you.
You closely miss Maggie. You tail-slap Maggie.
Maggie is heavily wounded.
Maggie hits you with a +0 glaive.
* * * LOW HITPOINT WARNING * * *
You hit Maggie.
Maggie is heavily wounded.
Maggie closely misses you.
You closely miss Maggie.
Maggie is heavily wounded.
Maggie barely misses you.
You slash Maggie!
Your tail-slap misses Maggie.
Maggie is severely wounded.
You break out of your daze.
Maggie barely misses you.
You hit Maggie.
Maggie is severely wounded.
Maggie hits you with a +0 glaive.
* * * LOW HITPOINT WARNING * * *
It was a potion of attraction.
You feel attractive to monsters. Maggie hits you with a +0 glaive!
You die...
Xom bursts into laughter!

#>.#.<.......# ...... ###
#............##..(... #.#
#..#..........#......
###.###..###...............
#....#..## #...............
....#....#...#....#........
..#......#..##.#..#.##....
.........#.....##..........
......#..#......@@.........
.##...##.#...###))...###...
########....# ##...## ..
....#......## #...#
............## ......
.............###.#.....
........................
..........<#.#### ......
............##


You could see Maggie.

Vanquished Creatures
  A sky beast (D:5)
  A black bear (D:5)
  A phantom (D:5)
  A wyvern skeleton (D:5)
  4 killer bees (D:5)
  A centaur zombie (D:5)
  A jelly (D:4)
  An iguana (D:5)
  Ijyb (D:4)
  Robin (D:4)
  10 gnolls
  4 adders
  An ufetubus (D:5)
  2 adder skeletons (D:4)
  A worm (D:2)
  A dart slug (D:4)
  3 endoplasms (D:1)
  3 giant cockroaches
  8 goblins (D:4)
  5 hobgoblins
  4 jackals (D:4)
  5 ball pythons
  5 bats
  2 frilled lizards (D:1)
  5 kobolds
  2 rats (D:1)
74 creatures vanquished.

Vanquished Creatures (collateral kills)
  A goblin (D:4)
1 creature vanquished.

Grand Total: 75 creatures vanquished

Notes
Turn   | Place    | Note
-------+----------+-------------------------------------------
     0 | D:1      | Naden the Demonspawn Chaos Knight began the quest for the
                  | Orb.
     0 | D:1      | Reached XP level 1. HP: 18/18 MP: 1/1
    32 | D:1      | XOM: potion effect (brilliance)
    35 | D:1      | XOM: silly message
   195 | D:1      | Found a faded altar of an unknown god.
   225 | D:1      | XOM: noise
   253 | D:1      | Reached skill level 1 in Dodging
   354 | D:1      | XOM: silly message
   371 | D:1      | Gained mutation: You are partially covered in thin metallic
                  | scales. (AC +2) [demonic ancestry]
   371 | D:1      | Reached XP level 2. HP: 21/24 MP: 2/2
   987 | D:1      | Reached skill level 1 in Short Blades
  1139 | D:2      | Gained mutation: You regenerate magic rapidly. [demonic
                  | ancestry]
  1139 | D:2      | Reached XP level 3. HP: 8/29 MP: 3/3
  1140 | D:2      | HP: 1/29 [gnoll/+0 spear (1)]
  1167 | D:2      | XOM: chaos upgrade
  1184 | D:2      | Found the +8 woodcutter's axe {vorpal}
  1198 | D:2      | XOM: scenery: summon butterflies
  1678 | D:2      | XOM: divination: magic mapping
  1885 | D:2      | XOM: silly message
  2050 | D:2      | XOM: potion effect (curing)
  2065 | D:2      | Reached skill level 1 in Axes
  2065 | D:2      | Reached XP level 4. HP: 18/35 MP: 4/4
  2186 | D:2      | XOM: give mutations
  2186 | D:2      | Gained mutation: You have a pair of small antennae on your
                  | head. [Xom's grace]
  2186 | D:2      | Gained mutation: You are somewhat resistant to further
                  | mutation. [Xom's grace]
  2186 | D:2      | Gained mutation: You are agile. (Dex +2) [Xom's grace]
  2950 | D:3      | You fall into a shaft and drop 1 floor!
  2961 | D:4      | Noticed Ijyb
  2966 | D:4      | XOM: cast spell 'Death Channel'
  2969 | D:4      | Killed Ijyb
  2970 | D:4      | Gained mutation: You have a small tail. [demonic ancestry]
  2970 | D:4      | Reached XP level 5. HP: 38/41 MP: 5/5
  2990 | D:4      | Got the Papyrus of Unstable Companions
  3141 | D:4      | Noticed Robin
  3147 | D:4      | XOM: cast spell 'Summon Ice Beast'
  3153 | D:4      | Killed Robin
  3227 | D:4      | XOM: silly message
  3321 | D:4      | XOM: polymorph ball python -> dart slug
  3524 | D:4      | Found a shimmering blue altar of Sif Muna.
  3583 | D:5      | Entered Level 5 of the Dungeon
  3583 | D:5      | Noticed a phantom
  3601 | D:5      | Killed a phantom
  3602 | D:5      | Reached XP level 6. HP: 23/48 MP: 6/6
  3785 | D:5      | XOM: cloud trail
  3875 | D:5      | XOM: noise
  3883 | D:5      | Noticed a sky beast
  4197 | D:5      | Found a shimmering altar of Xom.
  4216 | D:5      | Killed a sky beast
  4217 | D:5      | Gained mutation: You are mostly covered in thin metallic
                  | scales. (AC +3) [demonic ancestry]
  4217 | D:5      | Reached XP level 7. HP: 54/54 MP: 7/7
  4526 | D:5      | XOM: scenery: summon butterflies
  4725 | D:5      | XOM: scenery: create altars
  4771 | D:5      | Found an ornate altar of the Wu Jian Council.
  4973 | D:5      | XOM: give mutations
  4973 | D:5      | Gained mutation: Your spells are a little harder to cast,
                  | but a little more powerful. [Xom's grace]
  4973 | D:5      | Gained mutation: You are somewhat resistant to both further
                  | mutation and mutation removal. [Xom's grace]
  4973 | D:5      | Gained mutation: You are robust. (+10% HP) [Xom's grace]
  4973 | D:5      | Gained mutation: Your mind is acute. (Int +2) [Xom's grace]
  5116 | D:6      | Noticed Maggie
  5138 | D:6      | Slain by Maggie

Illustrated notes

Levels and vault maps discovered:
D:1:      lightli_arrival_boilingwater, layout_basic,
          shapermc_ecumenical_altar_totnotflames, minmay_misc_feat_square,
          minmay_tiny_reverse_x
D:2:      layout_loops_ring, roderic_three_in_a_row, minivault_24
D:3:      layout_rooms, grunt_temple_overflow_diamond,
          cheibrodos_ashenzari_chains, small_statue_intersection,
          serial_bayou_lake_a
D:4:      layout_basic, lemuel_crystal_altar, uniq_robin, uniq_ijyb
D:5:      layout_loops_ring, nzn_wu_jian_contemplation, lemuel_doored_altar
D:6:      layout_cave_pools, uniq_menkaure, uniq_duvessa, uniq_maggie,
          uniq_blork_the_orc

Skill      XL: |  1  2  3  4  5  6  7 |
---------------+----------------------+-----
Armour         | 2 3 4 |  4.7
Dodging        | 1 2 3 |  3.1
Short Blades   | 1 |  1.2
Axes           | 1 2 3 4 |  4.0
Fighting       | 4 |  4.5
Polearms       | |  2.7

Action                   |  1- 3 |  4- 6 |  7- 9 || total
-------------------------+-------+-------+-------++-------
Melee: Short sword       |    52 |       |       ||    52
       Spear             |     6 |       |       ||     6
       Punch             |     1 |       |     1 ||     2
       War axe           |    11 |    82 |    21 ||   114
       Tailslap          |       |     4 |     1 ||     5
  Use: Scroll            |     2 |       |     1 ||     3
       Potion            |       |       |     2 ||     2
Armor: Leather armour    |    24 |    38 |    16 ||    78
Dodge: Dodged            |    38 |    39 |    22 ||    99
